 Dungeon Crawl Stone Soup version 0.16.1-11-g651b585 (webtiles) character file.

2015 Magnus the Slasher (level 9, -3/62 HPs)
             Began as a Demonspawn Abyssal Knight on Apr 4, 2015.
             Was a Priest of Lugonu.
             Slain by a hill giant
             ... wielding a +0 giant club
              (5 damage)
             ... on level 6 of the Dungeon.
             The game lasted 00:51:35 (13362 turns).

Magnus the Slasher (Demonspawn Abyssal Knight)     Turns: 13362, Time: 00:51:35

Health: -3/62      AC: 10    Str: 16    XL:     9   Next: 2%
Magic:  10/12      EV: 11    Int: 15    God:    Lugonu [***...]
Gold:   279        SH:  0    Dex: 13    Spells: 0 memorised, 8 levels left

rFire  + . .     SeeInvis .     a - +2 falchion
rCold  + . .     Clarity  +     b - +2 scale mail {rF+}
rNeg   . . .     SustAb   .     (no shield)
rPois  .         Gourm    .     (no helmet)
rElec  .         Spirit   .     (no cloak)
rCorr  .         Warding  .     (no gloves)
rMut   .         Stasis   .     (no boots)
MR     .....                    (no amulet)
Stlth  ..........               (no ring)
                                x - ring of teleport control

@: not resistant to hostile enchantments, extremely unstealthy
A: claws 1, iridescent scales 1, blink 1, clarity, clever 1, cold resistance 1,
deformed body, frail 1, spiny 2, wild magic 1, freezing cloud immunity
a: Blink, Depart the Abyss, Bend Space, Banish, Renounce Religion, Evoke
Teleport Control


You were on level 6 of the Dungeon.
You worshipped Lugonu.
Lugonu was most pleased with you.
You were not hungry.

You visited 1 branch of the dungeon, and saw 6 of its levels.
You visited the Abyss 1 time.

You collected 279 gold pieces.

Inventory:

Hand weapons
 a - a +2 falchion (weapon)
 p - a +0 flail
Armour
 b - a +2 scale mail of fire resistance (worn)
 v - a +2 ring mail of cold resistance
Jewellery
 e - an uncursed ring of flight
 x - a ring of teleport control (left claw)
Magical devices
 j - a wand of disintegration (11)
 u - a wand of teleportation (2)
Scrolls
 f - a scroll of blinking {unknown}
 g - a scroll of identify
 h - 3 scrolls of amnesia
 i - 4 scrolls of enchant weapon
 n - 8 scrolls of remove curse
 q - a scroll of magic mapping
Potions
 l - 2 potions of curing
Comestibles
 c - 2 bread rations
 d - 2 slices of pizza
 t - 4 meat rations


   Skills:
 + Level 5.9 Fighting
 * Level 6.8 Long Blades
 + Level 5.2 Armour
 + Level 5.0 Dodging
 - Level 2.4 Invocations


You had 8 spell levels left.
You didn't know any spells.

Dungeon Overview and Level Annotations

Branches:
Dungeon (6/15)             Temple (0/1) D:4

Altars:
Cheibriados
Elyvilon
Nemelex Xobeh
Okawaru
Qazlal
Xom
Zin


Innate Abilities, Weirdness & Mutations

You have sharp fingernails.
You are partially covered in iridescent scales (AC +4).
Your flesh is cold resistant.
You are mostly covered in sharp spines.
You are immune to freezing clouds.
You can translocate small distances at will.
You possess an exceptional clarity of mind.
Your mind is acute. (Int +2)
Armour fits poorly on your strangely shaped body.
You are frail (-10% HP).
Your spells are a little harder to cast, but a little more powerful.


Message History

You don't know any spells.
Use which ability? (? or * to list) Space bends around you!
You blink.
* * * LOW HITPOINT WARNING * * *
You feel slightly more hungry.
Use which ability? (? or * to list)
Okay, then.
You don't know any spells.
You don't know any spells.
Use which ability? (? or * to list)
You aren't in the Abyss!
You don't know any spells.
Use which ability? (? or * to list)
You aren't in the Abyss!
Use which ability? (? or * to list) Space bends around you!
You blink.
* * * LOW HITPOINT WARNING * * *
You feel slightly more hungry.
The hill giant hits you with a giant club.
You die...

####### ##.#.....#...#.
#..###..#.###....###
##..##..##.#####....#
##......###.##....#..##
#......###).##.####...######
#.......................(...
#......#......######.....###
#......#......# ##.##.#
##....##..§@..# #.##.###
##..###...C..# #)##.#.. #..#
#......# #....... ####
##..§.## ###..... ##..##
###... #### #... #... #...
#...


You could see a hill giant.

Vanquished Creatures
  The ghost of Magnus the Agent of Entropy, an average DsAK of Lugonu (D:4)
  3 sky beasts
  2 centaurs
  The ghost of Magnus the Ruffian, an average VSMo (D:3)
  A giant frog (D:6)
  A scorpion (D:5)
  A goliath beetle (D:6)
  2 crimson imps (D:5)
  A giant frog skeleton (D:5)
  3 hounds
  4 worker ants
  4 orc wizards
  3 orc priests
  An iguana (D:5)
  7 gnolls
  14 adders
  A giant mite (D:1)
  7 worms
  7 giant geckos
  17 orcs
  2 ball pythons (D:3)
  10 bats
  2 bat skeletons
  4 giant cockroaches
  10 goblins
  14 hobgoblins
  10 jackals
  16 kobolds
  2 oozes
  5 giant newts
  4 quokkas
  A quokka skeleton (D:4)
  9 rats
170 creatures vanquished.

Vanquished Creatures (others)
  An ugly thing (D:5)
1 creature vanquished.

Grand Total: 171 creatures vanquished

Notes
Turn   | Place    | Note
--------------------------------------------------------------
     0 | Abyss:1  | Magnus, the Demonspawn Abyssal Knight, began the quest for the Orb.
     0 | Abyss:1  | Reached XP level 1. HP: 18/18 MP: 1/1
     0 | D:1      | Escaped the Abyss
   282 | D:1      | Reached skill level 1 in Dodging
   508 | D:1      | Gained mutation: Your flesh is cold resistant. [demonic ancestry]
   508 | D:1      | Reached XP level 2. HP: 21/24 MP: 2/2
   620 | D:1      | Acquired Lugonu's first power
  1005 | D:1      | Gained mutation: You are immune to freezing clouds. [demonic ancestry]
  1005 | D:1      | Reached XP level 3. HP: 22/29 MP: 4/4
  2178 | D:2      | Found a glowing silver altar of Zin.
  2416 | D:2      | Gained mutation: You have sharp fingernails. [demonic ancestry]
  2416 | D:2      | Reached XP level 4. HP: 31/35 MP: 5/5
  3257 | D:1      | Acquired Lugonu's second power
  3776 | D:2      | Gained mutation: You are partially covered in iridescent scales (AC +4). [demonic ancestry]
  3776 | D:2      | Reached XP level 5. HP: 20/42 MP: 6/6
  5098 | D:3      | Noticed Magnus' ghost (average VSMo)
  5109 | D:3      | Killed Magnus' ghost
  5227 | D:3      | Reached XP level 6. HP: 44/48 MP: 8/8
  5240 | D:3      | Reached skill level 4 in Fighting
  5324 | D:3      | Found a snail-covered altar of Cheibriados.
  5703 | D:4      | Noticed Magnus' ghost (average DsAK)
  6476 | D:4      | Found a staircase to the Ecumenical Temple.
  6530 | D:4      | Gained mutation: You are partially covered in sharp spines. [demonic ancestry]
  6530 | D:4      | Reached XP level 7. HP: 50/54 MP: 9/9
  6532 | D:4      | Acquired Lugonu's third power
  7300 | D:4      | Killed Magnus' ghost
  7300 | D:4      | Reached skill level 5 in Long Blades
  7478 | D:5      | Entered Level 5 of the Dungeon
  8143 | D:5      | Reached skill level 5 in Fighting
  8159 | D:5      | Gained mutation: You are mostly covered in sharp spines. [demonic ancestry]
  8159 | D:5      | Reached XP level 8. HP: 29/62 MP: 10/10
  9046 | D:5      | Found a white marble altar of Elyvilon.
  9215 | D:5      | Found an iron altar of Okawaru.
  9215 | D:5      | Found a shimmering altar of Xom.
  9277 | D:5      | Reached skill level 6 in Long Blades
  9286 | D:5      | Found a sparkling altar of Nemelex Xobeh.
  9460 | D:5      | Found an iron altar of Okawaru.
  9625 | D:6      | Acquired Lugonu's fourth power
 10082 | D:5      | Gained mutation: Your spells are a little harder to cast, but a little more powerful. [potion of mutation]
 10082 | D:5      | Gained mutation: Your mind is acute. (Int +2) [potion of mutation]
 10082 | D:5      | Gained mutation: Armour fits poorly on your strangely shaped body. [potion of mutation]
 10083 | D:5      | Gained mutation: You are frail (-10% HP). [potion of mutation]
 10083 | D:5      | Gained mutation: You possess an exceptional clarity of mind. [potion of mutation]
 10083 | D:5      | Gained mutation: You can translocate small distances at will. [potion of mutation]
 11846 | D:6      | Found a stormy altar of Qazlal.
 12444 | D:6      | Reached skill level 5 in Armour
 12714 | D:6      | Noticed a hill giant
 12761 | D:6      | HP: 2/57 [hill giant/giant club (23)]
 12799 | D:5      | Noticed a green ugly thing
 13082 | D:5      | Banished a green ugly thing
 13082 | D:5      | Reached skill level 5 in Dodging
 13082 | D:5      | Reached XP level 9. HP: 8/62 MP: 12/12
 13361 | D:6      | HP: 3/62 [spatial distortion (1)]
 13362 | D:6      | Slain by a hill giant

Action                   |  1- 3 |  4- 6 |  7- 9 || total
-------------------------+-------+-------+-------++-------
Melee: Falchion          |   144 |   347 |   585 ||  1076
Invok: Depart the Abyss  |     1 |       |       ||     1
       Bend Space        |       |       |     2 ||     2
       Banish            |       |       |     1 ||     1
 Abil: Blink             |       |       |     2 ||     2
  Use: Scroll            |       |     5 |     5 ||    10
       Potion            |       |       |     9 ||     9
  Eat: Chunk             |     5 |    11 |     5 ||    21
       Bread ration      |       |     1 |     4 ||     5
